Cogmind - Beta 13 @@@ ROGUE MODE // 2024.04.05 @ 15:21:34 Player: Iris Result: Destroyed by G-47 Trooper with Particle Gun Performance ------------- Evolutions (1) 500 Regions Visited (3) 600 Robots Destroyed (7) 35 Value Destroyed (141) 141 Prototype IDs (2) 40 Alien Tech Used (0) 0 Bonus (0) 0 TOTAL SCORE: 1316 Bonus ------- None Cogmind --------- Core Integrity 0/400 Matter 300/300 Energy 265/265 System Corruption 3% Temperature Cool (19) Movement Flying (200) Ox2 Location -9/Materials Parts ------- > --- POWER (1) -------- Improved Ion Engine > --- PROPULSION (2) --- Flight Unit > --- UTILITY (4) ------ Hacking Suite > --- WEAPON (2) ------- Light Assault Rifle Ripper > --- INVENTORY (5) ---- Flight Unit Small Storage Unit EM Pulse Gun Assault Rifle Peak State ------------ > --- POWER ------------ Improved Ion Engine > --- PROPULSION ------- Flight Unit VTOL Module > --- UTILITY ---------- Sensor Array Hacking Suite > --- WEAPON ----------- Light Assault Rifle Ripper > --- INVENTORY -------- Flight Unit Small Storage Unit EM Pulse Gun Assault Rifle [Rating: 14] Favorites ----------- Power Light Ion Engine Engine Light Ion Engine Propulsion Wheel Wheel Wheel Flight Unit Flight Unit Utility Hacking Suite Device Sensor Array Storage Small Storage Unit Hackware Hacking Suite Weapon Grenade Launcher Energy Gun EM Pulse Gun Ballistic Gun Light Assault Rifle Launcher Grenade Launcher Slashing Weapon Ripper Special Melee Weapon Datajack Build | -11 -10 -10 -9 ------- Run | Yrd Mat Min Mat Slots Evolved 2 | . . . 2 Power . | . . . . Propulsion . | . . . . Utility 2 | . . . 2 Weapon . | . . . . Parts Attached 22 | 7 4 3 8 Power 4 | 2 . . 2 Engine 4 | 2 . . 2 Core . | . . . . Reactor . | . . . . Propulsion 8 | 2 . 2 4 Treads . | . . . . Leg . | . . . . Wheel 2 | 2 . . . Hover . | . . . . Flight 6 | . . 2 4 Utility 3 | 1 2 . . Device 1 | . 1 . . Storage 1 | 1 . . . Processor . | . . . . Hackware 1 | . 1 . . Protection . | . . . . Artifact . | . . . . Weapon 7 | 2 2 1 2 Energy Gun 1 | 1 . . . Energy Cannon . | . . . . Ballistic Gun 3 | 1 . . 2 Ballistic Cannon . | . . . . Launcher 1 | . 1 . . Special Weapon . | . . . . Impact Weapon . | . . . . Slashing Weapon 1 | . . 1 . Piercing Weapon . | . . . . Special Melee Weapon 1 | . 1 . . Unidentified Prototypes . | . . . . Parts Lost 9 | . 1 2 6 Power 1 | . . 1 . Propulsion 4 | . . . 4 Utility 1 | . . . 1 Weapon 3 | . 1 1 1 Highest Loss Streak 3 | . 1 2 3 To Critical Strikes . | . . . . Average Slot Usage (%) 83 | . 98 85 65 Engine 10 | . 14 12 5 Wheel 16 | . 28 24 . Flight 7 | . . 3 18 Device 9 | . 6 14 11 Storage 3 | . 7 . . Hackware 12 | . 13 14 11 Ballistic Gun 3 | . 1 . 8 Launcher 7 | . 13 11 . Slashing Weapon 5 | . . 6 11 Special Melee Weapon 5 | . 11 . . Naked Turns . | . . . . Heaviest Build 13 | 12 13 10 12 Greatest Support 20 | 20 20 20 8 Greatest Overweight (x) 2 | . . . 2 Average Overweight (x) . | . . . . Largest Inventory Capacity 8 | 8 8 5 5 Average Capacity 5 | 7 6 5 5 Most Carried 5 | 1 5 5 5 Average Carried 4 | . 4 5 4 Final Capacity 8 | 8 5 5 5 Final Carried 5 | 1 5 5 4 Class Distribution -------------------- 100% | Mutant Dominant Class ---------------- Mutant | -10/Materials Mutant | -10/Mines Mutant | -9/Materials Resources | -11 -10 -10 -9 ----------- Run | Yrd Mat Min Mat Matter Collected 403 | 234 7 11 151 Remotely . | . . . . Salvage Created 143 | . 8 11 124 Parts 15 | . 1 3 11 Haulers Intercepted . | . . . . Recyclers Shooed . | . . . . Parts Field Recycled . | . . . . Retrieved Matter . | . . . . Parts Self-Destructed . | . . . . Prevented . | . . . . Kills | -11 -10 -10 -9 ------- Run | Yrd Mat Min Mat Combat Hostiles Destroyed 6 | . . 1 5 Melee 6 | . . 1 5 Classes Destroyed 3 | . 1 1 1 Operator 1 | . 1 . . Swarmer 5 | . . 1 4 Sentry 1 | . . . 1 Best Kill Streak 4 | . 1 1 4 Combat Bots Only 4 | . . 1 4 Max Kills in Single Turn 1 | . 1 1 1 Gunslinging . | . . . . Exploded . | . . . . Melee 1 | . . 1 1 Uniques/NPCs Destroyed . | . . . . Combat | -11 -10 -10 -9 -------- Run | Yrd Mat Min Mat Hostile Shots Fired 107 | . 16 9 82 Missed 29 | . 5 3 21 Damage Taken 968 | . 128 46 794 Core 457 | . 21 25 411 Absorbed by Shields . | . . . . Core Remaining (%) 90 | 100 . 81 . Volleys Fired 1 | . 1 . . Largest 2 | . 2 . . Hottest 60 | . 60 . . Shots Fired 2 | . 2 . . Gun 2 | . 2 . . Cannon . | . . . . Launcher . | . . . . Special . | . . . . Kinetic 1 | . 1 . . Thermal . | . . . . Explosive . | . . . . Electromagnetic 1 | . 1 . . Robot Hit Streak 1 | . 1 . . Robot Miss Streak 1 | . 1 . . Penetration Max . | . . . . Secondary Targets . | . . . . Shots Hit Robots 29 | . 11 1 17 Core Hits 7 | . 1 1 5 Critical Kills . | . . . . Critical Parts Destroyed . | . . . . Critical Strikes 4 | . . . 4 Sever 4 | . . . 4 Melee Attacks 60 | . 13 4 43 Impact . | . . . . Slashing 47 | . . 4 43 Piercing . | . . . . Sneak Attacks 7 | . 7 . . Combat Hostiles . | . . . . Follow-up Attacks . | . . . . Damage Inflicted 717 | . 48 43 626 Guns 15 | . 15 . . Cannons . | . . . . Explosions 33 | . 33 . . Melee 669 | . . 43 626 Ramming . | . . . . Kinetic . | . . . . Thermal 33 | . 33 . . Explosive . | . . . . Electromagnetic 15 | . 15 . . Impact . | . . . . Slashing 669 | . . 43 626 Piercing . | . . . . Highest Corruption 3 | . 1 1 3 Average Corruption 1 | . 1 1 3 Corruption Purged . | . . . . Corruption Blocked . | . . . . Effects 9 | . 3 1 5 Message Errors 2 | . . . 2 Energy Discharges 2 | . 1 . 1 Data Loss (minor) 3 | . 2 . 1 Data Loss (major) 1 | . . 1 . Alerts 1 | . . . 1 Overload Shots . | . . . . Overflow Damage 15 | . . . 15 Projectiles . | . . . . Explosions . | . . . . Melee 15 | . . . 15 Knockbacks . | . . . . Impact . | . . . . Kinetic . | . . . . Secondary . | . . . . Self-Inflicted Damage 5 | . 5 . . Shots 1 | . 1 . . Rammed . | . . . . Targets Rammed . | . . . . Kicked . | . . . . Crushed . | . . . . Highest Temperature 15 | . 12 . 15 Average Temperature 11 | . 12 . 11 Received Heat Transfer 255 | . 66 . 189 Siege Activations . | . . . . Robots Corrupted . | . . . . Combat Hostiles . | . . . . Parts Fried . | . . . . Impact Corruptions . | . . . . Robots Melted . | . . . . Combat Hostiles . | . . . . Parts Melted . | . . . . Heat Transferred 50 | . 50 . . Parts Sabotaged . | . . . . Parts Stolen . | . . . . Parts Stripped . | . . . . Power Chain Reactions 1 | . 1 . . Alert | -11 -10 -10 -9 ------- Run | Yrd Mat Min Mat Peak Influence 302 | . 110 94 302 Initial 39 | . . 39 36 Average 89 | . 77 46 148 Maximum Alert Level 1 | . . . 1 Low Security (%) 90 | 100 100 100 72 Level 1 9 | . . . 27 Level 2 . | . . . . Level 3 . | . . . . Level 4 . | . . . . Level 5 . | . . . . High Security . | . . . . Max Security . | . . . . Squads Dispatched 3 | . 2 . 1 Investigation 1 | . 1 . . Extermination . | . . . . Reinforcement 2 | . 1 . 1 Assault . | . . . . Garrison . | . . . . Intercept . | . . . . Searches Triggered . | . . . . Construction Impeded . | . . . . Haulers Reinforced . | . . . . Active Scanning Responses . | . . . . Cargo Convoy Interrupts . | . . . . Stealth | -11 -10 -10 -9 --------- Run | Yrd Mat Min Mat Distress Signals . | . . . . Communications Jammed . | . . . . Distress Signals . | . . . . Times Spotted 36 | . 16 5 15 Peak Tracking Total 6 | . 6 3 6 Tactical Retreats 5 | . 1 1 3 Traps | -11 -10 -10 -9 ------- Run | Yrd Mat Min Mat Traps Triggered . | . . . . Indirectly . | . . . . Trap Hack Attempts . | . . . . Triggered . | . . . . Disarmed . | . . . . Reprogrammed . | . . . . Reused . | . . . . Traps Extracted . | . . . . Installed . | . . . . Triggered . | . . . . Machines | -11 -10 -10 -9 ---------- Run | Yrd Mat Min Mat Machines Disabled 3 | . 3 . . Max in Single Turn 3 | . 3 . . Machines Repaired . | . . . . Machines Dismantled . | . . . . Machines Sabotaged . | . . . . Overloaded Fab Kills . | . . . . Hacking | -11 -10 -10 -9 --------- Run | Yrd Mat Min Mat Machines Accessed 6 | . 4 . 2 Terminals 6 | . 4 . 2 Fabricators . | . . . . Repair Stations . | . . . . Recycling Units . | . . . . Scanalyzers . | . . . . Garrison Access . | . . . . Total Hacks 27 | . 15 . 12 Successful 13 | . 8 . 5 Failed 14 | . 7 . 7 Catastrophic 1 | . . . 1 Database Lockouts . | . . . . Manual 6 | . 1 . 5 Terminals 27 | . 15 . 12 Fabricators . | . . . . Repair Stations . | . . . . Recycling Units . | . . . . Scanalyzers . | . . . . Garrison Access . | . . . . Terminal Hacks 13 | . 8 . 5 Prototype ID Bank 1 | . . . 1 Branch Access Points 1 | . . . 1 Scanalyzer Index 1 | . 1 . . Alert Level 2 | . 1 . 1 Locate Traps 1 | . 1 . . Dispatch Records 1 | . 1 . . Maintenance Status 1 | . 1 . . Transport Status 1 | . 1 . . Recall Investigation 1 | . 1 . . Hauler Manifests 2 | . 1 . 1 Zone Layout 1 | . . . 1 Fabricator Hacks . | . . . . Repair Station Hacks . | . . . . Recycling Unit Hacks . | . . . . Scanalyzer . | . . . . Garrison Access Hacks . | . . . . Unauthorized Hacks . | . . . . Terminals . | . . . . Fabricators . | . . . . Repair Stations . | . . . . Recycling Units . | . . . . Scanalyzers . | . . . . Garrison Access . | . . . . Data Cores Recovered 1 | . 1 . . Used . | . . . . Hacking Detections 6 | . 4 . 2 Full Trace Events 3 | . 3 . . Feedback Events 1 | . 1 . . Corruption 1 | . 1 . . Feedback Blocked . | . . . . Robot Schematics Acquired . | . . . . Robots Built . | . . . . Authchips . | . . . . Time . | . . . . Total Robot Build Rating . | . . . . Part Schematics Acquired . | . . . . Parts Built . | . . . . Authchips . | . . . . Time . | . . . . Total Part Build Rating . | . . . . Parts Repaired . | . . . . Time . | . . . . Parts Recycled . | . . . . Recycled Matter . | . . . . Retrieved Matter . | . . . . Retrieved Components . | . . . . Parts Scanalyzed . | . . . . Part Schematics Acquired . | . . . . Parts Damaged . | . . . . Bothacking | -11 -10 -10 -9 ------------ Run | Yrd Mat Min Mat Used RIF Installer . | . . . . Robots Hacked 5 | . 5 . . Non-combat 5 | . 5 . . Combat . | . . . . Robot Hacks Applied 8 | . 8 . . parse_system 4 | . 4 . . no_distress 3 | . 3 . . find_recycling 1 | . 1 . . Relay Couplers Released . | . . . . Fabnet Peak Effective % . | . . . . Robots Rewired . | . . . . Allies Hacked . | . . . . Hacks Repelled . | . . . . Allies | -11 -10 -10 -9 -------- Run | Yrd Mat Min Mat Total Allies . | . . . . Largest Group . | . . . . Highest-Rated Group . | . . . . Highest-Rated Ally . | . . . . Total Orders . | . . . . Ally Attacks . | . . . . Total Damage . | . . . . Kills . | . . . . Allies Corrupted . | . . . . Allies Melted . | . . . . Intel | -11 -10 -10 -9 ------- Run | Yrd Mat Min Mat Robot Analysis Total . | . . . . Derelict Logs Recovered 2 | . . 2 . Drone Launches . | . . . . Drone Recoveries . | . . . . Exploration | -11 -10 -10 -9 ------------- Run | Yrd Mat Min Mat Turns Passed 825 | 63 343 142 277 Spaces Moved 979 | 67 390 179 343 Core 7 | 3 . . 4 Treads . | . . . . Legs . | . . . . Wheels 588 | 64 390 134 . Hover . | . . . . Flight 384 | . . 45 339 Fastest Speed 34 | 50 80 37 34 Average Speed 66 | 78 80 69 46 Slowest Speed 200 | 80 80 80 200 Overloaded Moves . | . . . . Propulsion Burnouts . | . . . . Robots Hopped . | . . . . Cave-ins Triggered 2 | . . . 2 Exploration Rate (%) 38 | 4 60 53 37 Regions Visited 3 Branch Regions 1 Pre-discovered Areas 1 | . . 1 . Known Exits Taken . | . . . . Unknown Exits Taken 3 | 1 1 1 . Scrap Searched . | . . . . Spaces Dug 21 | . . . 21 Terrain Destroyed 21 | . . . 21 Melee 21 | . . . 21 Projectile . | . . . . AOE . | . . . . Terrain Rammed . | . . . . Walls Destroyed . | . . . . Machines Disabled . | . . . . Actions | -11 -10 -10 -9 --------- Run | Yrd Mat Min Mat Total 1070 | 74 411 189 396 Wait 2 | . . 2 . Move 975 | 66 389 178 342 Hop . | . . . . Pick Up 1 | . 1 . . Fast Attach 20 | 7 4 3 6 Attach 2 | . . . 2 Detach 5 | 1 3 . 1 Swap . | . . . . Drop 3 | . . 2 1 Fire 1 | . 1 . . Melee 60 | . 13 4 43 Ram . | . . . . Kick . | . . . . Crush . | . . . . Escape Stasis 1 | . . . 1 Rewire . | . . . . Trap . | . . . . Miscellaneous . | . . . . Route ------- -11/Scrapyard -10/Materials -10/Mines -9/Materials (discovered 4 exits: [*Mat] / *Min x2 / Sto) History --------- Turn | Location | Event 20 | -11/Scrapyard | Discovered new exit (range 16) 64 | -11/Scrapyard | Entered Materials 207 | -10/Materials | Discovered new exit (range 7) 302 | -10/Materials | Build established: Mutant 407 | -10/Materials | Entered Mines 438 | -10/Mines | Learned Materials terminal intel 444 | -10/Mines | Learned location of Storage (-9) 480 | -10/Mines | A weapon hastily lodged in a ceiling crevice suddenly fell to the ground 543 | -10/Mines | Discovered new exit (range 14) 549 | -10/Mines | Entered Materials 549 | -9/Materials | Evolved 2 slots: Utility x2 550 | -9/Materials | Loaded intel: 12 terminal locations 577 | -9/Materials | Crushed by falling debris 648 | -9/Materials | Crushed by falling debris 671 | -9/Materials | Core integrity fell below 50% 693 | -9/Materials | Lost 3 parts (2n1w) 726 | -9/Materials | Discovered new exit (range 14) 726 | -9/Materials | Identified exit to Mines 726 | -9/Materials | Identified exit to Storage 812 | -9/Materials | Core integrity fell below 20% 826 | -9/Materials | Discovered new exit (range 15) 826 | -9/Materials | Destroyed by G-47 Trooper with Particle Gun Last Messages --------------- 00780_ Flight Unit destroyed. 00780_ Y-45 Defender destroyed. 00782_ OBPT1X3OUNFOX2LIRO/ J 00783_ Acquired 8 matter. 00785_ Dropped Lgt. Ion Engine. 00785_ Lgt. Ion Engine crushed and broken. 00785_ Acquired Imp. Ion Engine. 00788_ Acquired 20 matter. 00791_ T-07 Excavator is excavating. 00796_ U-05 Engineer builds a Wall. 00799_ T-07 Excavator is excavating. 00801_ System corrupted: IFF burst signal emitted. 00801_ U-05 Engineer builds a Wall. 00806_ U-05 Engineer destroyed. 00807_ U-05 Engineer lays Concrete. 00814_ Critical hit (Burn: +37). 00817_ VTOL Module destroyed. 00820_ Sensor Array destroyed. 00826_ EXIT=FOUND Map ----- +----------------------------------------------------+ | # # #????????????????????????? | | # # """ #????????????????????????? | | + """ #????????????????????????? | | ############### """ #????????????????????????? | | ?????????# #### #????????????????????????? | | ?????????###=#########????????????????????????? | | ???????????#[!! #??????????????????????????? | | ???????????#[![ "" #??????????????????????????? | | ???????????#!! """#??????????????????????????? | | ???????????# S"#??????????????????????????? | | ??????????????#] #??????????????????????????? | | ??????????????###+#####??????????????????????????? | | ????????????????# ###????????????????????????????? | | ????????????????# # #????????????????????????????? | | ????????????????# #????????????????????????????? | | ????????????????# # #????????????????????????????? | | ????????##+###### ###????????????????????????????? | | ?????#### = #?????????????????????????????? | | ?T *%! #?????????????????????????????? | | ?????#### ! #?????????????????????????????? | | ????????####+### #?????????????????????????????? | | ?????????????T?# #?????????????????????????????? | | ???????????????# #??#######????????????????????? | | ???????????????# #### ###+######???????????? | | ???????????????# Y ????????? | | ???????????????# g g @